 Dungeon Crawl Stone Soup version 0.30.1-11-g7821555f0a (webtiles) character file.

Game seed: 16724032445752207918

48 lonewolfV2 the Trooper (level 3, 0/29 HPs)
             Began as a Demonspawn Fighter on Oct 30, 2023.
             Slain by a gnoll
             ... wielding a +0 club
              (3 damage)
             ... on level 2 of the Dungeon.
             The game lasted 00:02:55 (1367 turns).

lonewolfV2 the Trooper (Demonspawn Fighter)         Turns: 1367, Time: 00:02:56

Health: 0/29       AC:  6    Str: 18    XL:     3   Next: 50%
Magic:  3/3        EV:  9    Int:  9    God:
Gold:   106        SH:  4    Dex: 12    Spells: 2/2 levels left

rFire   . . .        a - +0 war axe
rCold   . . .        c - +0 buckler
rNeg    . . .        b - +0 scale mail
rPois   .            (no helmet)
rElec   .            (no cloak)
rCorr   .            (no gloves)
SInv    .            (no boots)
Will    .....        (no amulet) Stlth
                     (no ring)
HPRegen 0.24/turn    (no ring)
MPRegen 0.16/turn

%: no passive effects
@: no status effects
A: magic regeneration
a: no special abilities


You were on level 2 of the Dungeon.
You visited 1 branch of the dungeon, and saw 2 of its levels.

You collected 106 gold pieces.

Inventory:

Hand Weapons
 a - a +0 war axe (weapon)
Armour
 b - a +0 scale mail (worn)
 c - a +0 buckler (worn)
Scrolls
 e - a scroll of magic mapping {unknown}
 f - a scroll of identify {unknown}
 g - a scroll of amnesia {unknown}
 h - a scroll of enchant weapon {unknown}
 i - 2 scrolls of enchant armour {unknown}
 k - a scroll of blinking {unknown}
Potions
 d - 3 potions of might
 j - a potion of lignification {unknown}


   Skills:
 + Level 3.5 Fighting
 * Level 3.1 Axes
 - Level 2.6 Armour
 - Level 2.6 Shields


You had 2 spell levels left.
You didn't know any spells.
Your spell library was empty.

Dungeon Overview and Level Annotations

Branches:
Dungeon (2/15)

Altars:


Innate Abilities, Weirdness & Mutations

You regenerate magic rapidly.


Message History

You kill the endoplasm!
You hear a shout! x2
A gnoll is nearby!
A gnoll comes into view. It is wielding a +0 club.
The gnoll shouts!
A gnoll comes into view. It is wielding a +0 halberd.
There are monsters nearby!
A gnoll comes into view. It is wielding a +0 club.
The gnoll hits you from afar with a +0 spear. 2 orcs come into view.
An orc is wielding a +2 dagger of speed.
The orc shouts! x2
You block the gnoll's attack.
An orc comes into view. It is wielding a +0 club.
You block the gnoll's attack. The gnoll hits you with a +0 club.
You block the gnoll's attack.
The gnoll hits you from afar with a +0 spear.
An orc comes into view. It is wielding a +0 hand axe.
You slash the gnoll!
The gnoll is severely wounded.
The gnoll hits you with a +0 club. The gnoll closely misses you. x2
You closely miss the gnoll.
The gnoll is severely wounded.
An orc comes into view. It is wielding a +0 whip.
The gnoll barely misses you. x3
The gnoll hits you from afar with a +0 spear.
The gnoll hits you with a +0 club.
The gnoll hits you from afar with a +0 halberd.
* * * LOW HITPOINT WARNING * * *
The orc shouts!
You hit the gnoll but do no damage.
The gnoll is severely wounded.
The gnoll hits you with a +0 club.
* * * LOW HITPOINT WARNING * * *
You block the gnoll's attack. The gnoll hits you but does no damage.
You completely miss the gnoll.
The gnoll is severely wounded.
The orc shouts!
The gnoll hits you with a +0 club.
You die...

... o.. .o. #o# #
#o# # #.##o##.# ...
#..ggg..# #.# # #g#
###.###.# #@#
#.....#.# ###.####
#.#..... #......#
#.....#
#.#.##.####.....#
#.#.##..........#
#.#.##..###.#...####
#.#.........#.......
#.####..#####..#####
#.# #..# #..#


You could see 4 gnolls and 5 orcs.

Vanquished Creatures
  A gnoll (D:1)
  4 dart slugs
  2 ball pythons (D:1)
  2 endoplasms (D:2)
  2 giant cockroaches (D:1)
  A goblin (D:1)
  2 hobgoblins (D:2)
  4 jackals
  A kobold (D:1)
  5 bats
  2 frilled lizards
  4 rats
30 creatures vanquished.

Notes
Turn   | Place    | Note
-------+----------+-------------------------------------------
     0 | D:1      | lonewolfV2 the Demonspawn Fighter began the quest for the
                  | Orb.
     0 | D:1      | Reached XP level 1. HP: 18/18 MP: 1/1
   156 | D:1      | Gained mutation: You regenerate magic rapidly. [demonic
                  | ancestry]
   156 | D:1      | Reached XP level 2. HP: 19/24 MP: 2/2
   652 | D:1      | Reached XP level 3. HP: 10/29 MP: 3/3
  1367 | D:2      | Slain by a gnoll

Illustrated notes

Levels and vault maps discovered:
D:1:      sevenhm_arrival_forest_fort_small_3, layout_basic
D:2:      layout_loops_corners

Skill      XL: |  1  2  3 |
---------------+----------+-----
Axes           | 2 3 |  3.1
Fighting       | |  3.5
Armour         | |  2.6
Shields        | |  2.6

Action                     || total
---------------------------++-------
  Melee: War axe           ||    93
 Armour: Scale mail        ||    48
  Dodge: Dodged            ||    68
  Block: Buckler           ||    21
